[Event "4NCL 2022-2023"]
[Site "Daventry"]
[Date "2023.01.14"]
[Round "3.1"]
[White "Pert, Nicholas"]
[Black "Rudd, Jack"]
[Result "1-0"]
[ECO "D37"]
[WhiteElo "2540"]
[BlackElo "2310"]
[Annotator "TA"]
[PlyCount "81"]
[EventDate "2022.10.20"]
[EventType "team-tourn"]
[EventCountry "ENG"]
[SourceTitle "playchess.com"]
[Source "ChessBase"]
[SourceQuality "1"]
[TimeControl "40/6000+30:2400+30"]

1. d4 Nf6 2. Nf3 e6 3. c4 d5 4. Nc3 Be7 5. Bf4 O-O 6. e3 c5 7. dxc5 Bxc5 8. Qc2 Nc6 9. Rd1 Qa5 10. Be2 {[%emt 0:01:24] D37: Queen's Gambit Declined: 5 Bf4.} Nb4 {[%emt 0:03:57] is the legacy move (10...dxc4).} 11. Qb3 dxc4 12. Bxc4 {[%emt 0:00:28] The position is equal.} Nbd5 13. Be5 Nd7 (13... Qb4 $11) 14. Bxd5 $16 Nxe5 15. Nxe5 {[%emt 0:00:37] Threatens to win with Be4.} (15. Bxb7 Bxb7 16. Nxe5 (16. Qxb7 $2 Rab8 $19 {[%mdl 64] Skewer}) 16... Bxg2 $17) 15... exd5 16. O-O {[%emt 0:00:13] [#]} (16. Qxd5 $6 Be6 17. Qe4 Ba3 $15) 16... Be6 $146 ({Predecessor:} 16... Re8 17. Qxd5 Be6 18. Qxb7 Rab8 19. Qe4 Rxb2 20. Nc4 Qxc3 21. Nxb2 Bf8 22. Nd3 Rd8 23. Nf4 Rxd1 24. Rxd1 Bxa2 25. h4 a5 26. Rd8 Bb3 27. Qe7 {1-0 Ibragimov,I (2585)-Onischuk,A (2653) Lindsborg KO rapid 2004 (3.1)}) 17. Nxd5 {[%emt 0:01:49] White is more active.} (17. Qxb7 $6 Rab8 18. Nc6 Rxb7 $11) 17... Rfd8 (17... Rad8 $16) 18. e4 (18. Qxb7 $18 {and White stays clearly on top.} Qxa2 19. Nc7) 18... Qa6 {[%emt 0:02:49] Wards off Nc6} 19. Rd2 f6 20. Nd3 {[%emt 0:02:10] A dynamic duo of knights.} (20. Nf3 {looks sharper.} Rac8 21. a3 Re8 22. Qd1) 20... Bf8 21. Rfd1 Bf7 22. N3f4 Re8 23. Qf3 {[%emt 0:10:24] aiming for Nc7.} Rac8 {[%emt 0:01:31] Against Nc7} 24. b3 Rc6 25. h4 Qa5 26. Re2 Qa3 27. g3 Rc1 28. Rxc1 Qxc1+ 29. Kg2 Qa1 30. h5 h6 {[%emt 0:03:07] [#]} (30... Qe5 $16) 31. Ne3 $1 $18 Qb1 32. Nf5 Kh7 33. Qe3 Re5 34. Qd4 (34. Qxa7 $6 Rxe4 35. Ne3 (35. Qxb7 Rxf4 36. gxf4 Qxf5 $11) 35... Rxf4 36. gxf4 Bxh5 $16) 34... Be8 35. Nd3 (35. Qxa7 $2 {perishes.} Bc6 36. Nd4 (36. f3 $2 Bc5 $19) 36... Bc5 $19) (35. Ng6 $18 Bxg6 36. hxg6+ Kxg6 37. Qd8 (37. Qxa7 Rxe4 38. Ne3 Re7 $11)) 35... Rxf5 $4 {[%mdl 8192] This move loses the game for Black.} (35... Bb5 $14 36. Re3 b6) 36. exf5 Bc6+ 37. f3 Qd1 {[%emt 0:00:25] [#]} 38. Qe3 ({And not} 38. Rf2 Bb5 $17) 38... Bd6 39. Nf2 Qb1 40. Ne4 (40. Qxa7 Bb5 41. Qe3 Bxe2 42. Qxe2 Qxf5 $16) 40... Be5 41. Qd2 {[%emt 0:00:00] Weighted Error Value: White=0.14 (very precise) /Black=0.29 (precise)} ({Not} 41. Qxa7 Qd1 $18) 1-0

[Event "4NCL 2022-2023"]
[Site "Daventry"]
[Date "2023.01.14"]
[Round "3.2"]
[White "Jones, Steven A"]
[Black "Williams, Simon K"]
[Result "0-1"]
[ECO "B75"]
[WhiteElo "2160"]
[BlackElo "2467"]
[Annotator "TA"]
[PlyCount "72"]
[EventDate "2022.10.20"]
[EventType "team-tourn"]
[EventCountry "ENG"]
[SourceTitle "playchess.com"]
[Source "ChessBase"]
[SourceQuality "1"]
[TimeControl "40/6000+30:2400+30"]

1. e4 c5 2. Nf3 d6 3. d4 cxd4 4. Nxd4 Nf6 5. Nc3 g6 6. Be3 a6 7. f3 Bg7 8. Qd2 h5 {[%emt 0:00:16] B75: Sicilian Dragon: Yugoslav Attack, Miscellaneous.} 9. O-O-O {[%emt 0:03:41] 9.Be2 is more fashionable.} b5 {[%emt 0:00:28] Against Bc4} 10. a3 Bb7 {[%emt 0:00:31] The position is equal.} 11. Bd3 Nbd7 12. h3 Rc8 13. g4 Ne5 14. Kb1 {[%emt 0:04:23] [#]} Nc4 $146 (14... Nfd7 $11) ({Predecessor:} 14... Nfd7 15. f4 Nc4 16. Bxc4 Rxc4 17. gxh5 Rxh5 18. f5 Ne5 19. fxg6 Nxg6 20. Rhg1 Qd7 {½-½ Bilguun,S (2459)-Grandelius,N (2647) London Classic op 2017 (5)}) 15. Bxc4 $14 Rxc4 16. Nde2 Nd7 17. b3 Ne5 18. bxc4 (18. f4 $1 $16 Nf3 19. Qd3) 18... Nxc4 $11 19. Qc1 {[%emt 0:00:27] Ka2 would be deadly.} Qa5 {[%emt 0:00:19] ...hxg4 is the strong threat.} 20. Ka2 b4 {[%emt 0:04:03] Really sharp!} (20... Bxc3 $2 21. Nxc3 hxg4 22. fxg4 $18 (22. hxg4 $2 Rxh1 23. Rxh1 Qxc3 $19) (22. Bd4 e5 $14)) (20... hxg4 $1 $17 21. Bd4 e5 22. hxg4 Rxh1 23. Rxh1 exd4) 21. Kb3 $2 ({White should try} 21. Nb1 $1 $15 Bb2 22. Qxb2 Nxb2 23. Kxb2) 21... bxc3 $19 (21... Qxa3+ $2 22. Kxc4 Qxc1 23. Rxc1 $18) 22. Ka2 O-O 23. Nd4 $2 (23. Bd4 Rb8 24. Bxg7 Kxg7 25. Nd4) 23... Rb8 24. Nb3 Qa4 25. gxh5 Bc8 (25... gxh5 26. Rhg1 Ne5 27. Bh6 $18) 26. hxg6 Be6 (26... fxg6 $2 27. Rd5 $19) 27. gxf7+ Kxf7 {[%emt 0:00:15][%cal Ob8b3] ( -> ...Rxb3!)} 28. Rd5 Bxd5 29. exd5 Na5 $2 ({Better is} 29... Bf6 $19 {Strongly threatening ...Rb5.} 30. h4 Rb5) 30. Qd1 $1 $15 Qc4 {[%emt 0:00:35] And now ...Nxb3 would win. Black has more active pieces.} (30... Nc4 31. Bc1 Na5 32. h4 $11) 31. Rg1 $2 {[%emt 0:01:29][%mdl 8192] [#]} (31. Bc1 $15) 31... Bf6 $2 $40 {[%emt 0:07:30][%mdl 128] Black mounts an attack.} ({Black should play} 31... Nxb3 $1 $19 32. Rxg7+ (32. cxb3 $2 {loses.} c2 $19) 32... Ke8 33. Rg8+ (33. cxb3 $2 {perishes.} c2 $19) 33... Kd7 34. cxb3 (34. Rxb8 Nc1+ {[%mdl 64] Discovered Attack (Double check)} 35. Kb1 Qa2+ 36. Kxc1 Qa1+ {[%mdl 64] Skewer} 37. Rb1 Qxa3+) 34... c2 35. bxc4 cxd1=Q 36. Rxb8 Qe2+ 37. Kb1 Qxe3) 32. Rg4 $2 {[%emt 0:00:37][%mdl 8192] [#]} (32. Bc1 $15 Rb5 33. Qe1 Qxd5 34. Qg3) 32... Rxb3 $1 $19 {[%emt 0:00:09][%mdl 576] Promotion} 33. Rxc4 Rb2+ 34. Ka1 Nxc4 35. Bc5 dxc5 36. d6 Ne3 {[%emt 0:00:46] Ingenious play by Williams!   Weighted Error Value: White=0.81/Black=0.57} ({Inferior is} 36... exd6 37. Qd5+ Kg7 38. Qxc4 Rxc2 39. Qg4+ Kf7 40. Qd7+ Kg6 41. Qxd6 $11) 0-1

[Event "4NCL 2022-2023"]
[Site "Daventry"]
[Date "2023.01.14"]
[Round "3.3"]
[White "Kirk, Ezra"]
[Black "Cooper, John G"]
[Result "0-1"]
[ECO "B81"]
[WhiteElo "2432"]
[BlackElo "2231"]
[Annotator "TA"]
[PlyCount "62"]
[EventDate "2022.10.20"]
[EventType "team-tourn"]
[EventCountry "ENG"]
[SourceTitle "playchess.com"]
[Source "ChessBase"]
[SourceQuality "1"]
[TimeControl "40/6000+30:2400+30"]

1. e4 c5 2. Nf3 e6 3. d4 cxd4 4. Nxd4 Nf6 5. Nc3 d6 6. g4 h6 7. h4 Nc6 8. Rg1 d5 $1 {[%emt 0:00:48][%mdl 4] now scores much better than the old 8...h5.} 9. exd5 Nxd5 {[%emt 0:00:22] B81: Sicilian Scheveningen: Keres Attack.} 10. Nxd5 exd5 11. Qe2+ (11. Be3 $14) 11... Be7 $11 {[%emt 0:02:29][%cal Bf8e7,Be7h4,Bh4f6][%mdl 32] The position is equal.} 12. Nxc6 bxc6 {[%emt 0:00:24] [#]} 13. Bd2 $146 ({Predecessor:} 13. g5 h5 14. Be3 Bg4 15. f3 Qa5+ 16. c3 Bf5 17. Bd4 Kd7 18. b4 Qc7 19. Qa6 {0-1 Maurer,S (2369)-Sosa Patino,C (2483) Pan American tt9 corr 2007 [3]}) 13... O-O 14. O-O-O Bxh4 {[%emt 0:26:47] With the idea ...Rb8.} 15. f4 (15. g5 $1 $11 {remains equal.}) 15... Bf6 16. Rg3 Qd6 17. Kb1 a5 18. Qg2 (18. Qh2 $15) 18... a4 (18... Be6 $17 19. f5 Bd7) 19. a3 {[%emt 0:04:12] Loses the game.} (19. g5 $15 hxg5 20. Bd3) 19... Rb8 $19 20. Bc1 {[%emt 0:02:53] [#]} Bxg4 $1 $40 {[%emt 0:13:47][%mdl 704] Deflection. Black attacks with force.} 21. Rxg4 {[%emt 0:01:03] Rg3 would be deadly.} Qxa3 {[%emt 0:00:12][%cal Rb8b2] ( -> ...Rxb2+). Black is more active.} 22. c3 Qxc3 23. Rd3 (23. Qc2 {was worth a try.}) 23... Qe1 24. Re3 Qd1 (24... Rxb2+ $2 25. Qxb2 $18) 25. Rd3 Rxb2+ {[%emt 0:02:00][%mdl 64] Overworked Piece} 26. Qxb2 Qxg4 27. Qb6 Qf5 {[%emt 0:02:14] Threatens to win with ...Re8.} 28. Ka2 {[%emt 0:01:16] [#]} c5 $1 {[%emt 0:01:15][%cal Bc6c5,Bc5c4][%mdl 32] And now ...c4 would win.} 29. Qb5 Rd8 {[%emt 0:00:30] ...c4 is the strong threat.} 30. Qxa4 (30. Rd2) 30... c4 31. Ra3 Rb8 {[%emt 0:00:37] Magnificent play by Cooper!   Weighted Error Value: White=0.69/Black=0.10 (very precise)} 0-1

[Event "4NCL 2022-2023"]
[Site "Daventry"]
[Date "2023.01.14"]
[Round "3.4"]
[White "Redmond, John P."]
[Black "Pert, Richard G"]
[Result "1/2-1/2"]
[ECO "A06"]
[WhiteElo "2194"]
[BlackElo "2411"]
[Annotator "TA"]
[PlyCount "43"]
[EventDate "2022.10.20"]
[EventType "team-tourn"]
[EventCountry "ENG"]
[SourceTitle "playchess.com"]
[Source "ChessBase"]
[SourceQuality "1"]
[TimeControl "40/6000+30:2400+30"]

1. b3 d5 2. Bb2 Nf6 3. Nf3 Bf5 4. Nh4 Bd7 5. g3 c5 6. Bg2 {[%emt 0:02:22] A06: Réti Opening: 1 Nf3 d5.} Bc6 {[%emt 0:00:43] [#]} 7. d4 $146 ({Predecessor:} 7. O-O d4 8. Nf3 g6 9. e3 dxe3 10. fxe3 Bg7 11. Na3 O-O 12. Nc4 Nbd7 13. a4 {1-0 Mihok,O (2552)-Perkampus,L (2108) Skalica op-A 2022 (1)}) 7... cxd4 8. Nf3 {[%emt 0:03:51] The position is equal.} g6 9. Nxd4 Bg7 10. O-O O-O 11. Nd2 e5 12. Nxc6 Nxc6 13. e3 Re8 14. a3 Qc7 15. c4 d4 16. exd4 exd4 17. Re1 h5 18. Ne4 Nxe4 19. Bxe4 Re7 (19... Rad8 $5 ) 20. Bd5 Rae8 21. Rxe7 Qxe7 22. Qd2 {[%emt 0:01:27] Weighted Error Value: White=0.06 (flawless) /Black=0.07 (flawless)} 1/2-1/2

[Event "4NCL 2022-2023"]
[Site "Daventry"]
[Date "2023.01.14"]
[Round "3.5"]
[White "Arkell, Keith C"]
[Black "Blackburn, Jonathan L B"]
[Result "1-0"]
[ECO "A61"]
[WhiteElo "2406"]
[BlackElo "2169"]
[Annotator "TA"]
[PlyCount "91"]
[EventDate "2022.10.20"]
[EventType "team-tourn"]
[EventCountry "ENG"]
[SourceTitle "playchess.com"]
[Source "ChessBase"]
[SourceQuality "1"]
[TimeControl "40/6000+30:2400+30"]

1. d4 Nf6 2. c4 e6 3. Nf3 c5 4. d5 exd5 5. cxd5 d6 6. Nc3 g6 7. Nd2 Bg7 8. Nc4 O-O 9. g3 {[%emt 0:04:48] A61: Modern Benoni: Nf3 without early e4.} b6 10. a4 Ng4 {[%emt 0:18:19] [#]} 11. Bg2 $146 {[%emt 0:14:26] The position is equal.} ({Predecessor:} 11. Nb5 Ne5 12. Nbxd6 Ba6 13. e3 Nxc4 14. Nxc4 Nd7 15. f3 f5 16. Be2 h5 17. O-O {1-0 Tsatsalashvili,K (2326)-Haast,A (2235) EU-ch (Women) 11th 2010 (10)}) 11... Bxc3+ 12. bxc3 Qf6 13. O-O Qxc3 14. Nb2 Ba6 15. h3 Nf6 {[%emt 0:02:09] Threatens to win with ...Re8.} 16. Re1 $1 Re8 17. e4 $1 Nbd7 18. Rb1 (18. Re3 $5 Qd4 19. Qc2 $11) 18... Ne5 $2 {[%emt 0:03:41][%mdl 8192] [#] This move loses the game for Black.} (18... Nxd5 $2 19. Bd2 Qa3 20. exd5 $18) (18... Qd4 $1 $15 {stays ahead.} 19. Bf4 Qxd1 20. Rbxd1 c4) 19. Bd2 $1 $18 Qd4 {[%emt 0:01:24] [#]} 20. Qc1 {[%emt 0:02:19] Bc3 would be deadly.} Nd3 21. Nxd3 Qxd3 22. Bf1 {[%emt 0:10:41][%mdl 64] Skewer} Qf3 23. Re3 (23. Bxa6 Nxe4 24. Rxe4 Rxe4 $14) 23... Qh5 {[%emt 0:00:05] White must now prevent ...Bxf1.} 24. g4 (24. Bxa6 Nxe4 25. Bb5 Re7 $18) 24... Qh4 {[%emt 0:04:48] aiming for ...Bxf1.} 25. Bxa6 {[%emt 0:00:07] Hoping for Qe1.} Rxe4 26. Qe1 Rae8 27. f3 (27. Rxe4 Rxe4 28. Qf1 Rxa4 $11) 27... Qxe1+ 28. Rexe1 ({Weaker is} 28. Rbxe1 Rxe3 29. Rxe3 Rxe3 30. Bxe3 Nxd5 $16) 28... Rxe1+ 29. Rxe1 Rxe1+ 30. Bxe1 Nxd5 31. Bb7 Nf4 32. Bd2 Nd3 (32... Ne6 $16 33. Kf2 Kf8) 33. Kf1 Nb2 34. Bc6 d5 (34... Kf8 {was necessary.} 35. Ke2 Ke7) 35. Bc3 ({Much less strong is} 35. Bxd5 Nxa4 36. Ke2 Kf8 $18) 35... Nd1 (35... Nc4 36. Bf6 (36. Bxd5 $2 {perishes.} Ne3+ 37. Ke2 Nxd5 $19) 36... d4) 36. Bf6 {[%emt 0:01:10][%cal Of1e2] Ke2! is the strong threat.} d4 37. Ke2 Nc3+ 38. Kd3 h6 (38... Kf8 $142 39. a5 bxa5) 39. h4 Kf8 40. Kc4 Kg8 41. Be5 f5 (41... Na2 $142 42. a5 d3) 42. gxf5 {[%emt 0:00:23] White is clearly winning.} gxf5 43. Bb8 {[%emt 0:00:21] A strong pair of Bishops.} a6 44. Bc7 b5+ 45. axb5 axb5+ 46. Bxb5 {[%emt 0:00:35] Weighted Error Value: White=0.19 (very precise) /Black=0.47} 1-0

[Event "4NCL 2022-2023"]
[Site "Daventry"]
[Date "2023.01.14"]
[Round "3.6"]
[White "Zeidler, Sven P."]
[Black "Eggleston, David J"]
[Result "1/2-1/2"]
[ECO "C01"]
[WhiteElo "2138"]
[BlackElo "2359"]
[Annotator "TA"]
[PlyCount "55"]
[EventDate "2022.10.20"]
[EventType "team-tourn"]
[EventCountry "ENG"]
[SourceTitle "playchess.com"]
[Source "ChessBase"]
[SourceQuality "1"]
[TimeControl "40/6000+30:2400+30"]

1. e4 e6 2. d4 d5 3. exd5 exd5 4. Nf3 Bd6 5. c4 Nf6 6. Nc3 dxc4 7. Bxc4 O-O 8. O-O Nc6 9. h3 h6 10. Re1 Bf5 11. Ne5 Bxe5 12. dxe5 Qxd1 {[%emt 0:00:16] The position is equal.} 13. Nxd1 {[%emt 0:00:14] C01: French: Exchange Variation.} Nd7 14. Bf4 Nb6 {[%emt 0:01:58] [#]} 15. Bf1 $146 ({Predecessor:} 15. Ne3 Nxc4 16. Nxc4 Rfd8 17. Red1 Be6 18. Ne3 a5 19. a3 Bb3 20. Rxd8+ Rxd8 21. Nf1 {0-1 Collell Rodriguez,V (1873)-Mellado Trivino,J (2362) La Pobla de Lillet op-A 28th 2018 (3)}) 15... Nb4 16. Ne3 {[%emt 0:08:05] Wards off N6d5} Bd3 17. Red1 Bxf1 18. Kxf1 Rad8 {[%emt 0:09:57] [#]} 19. e6 $1 {[%emt 0:02:53] aiming for e7.} Rxd1+ (19... Rc8 20. a3) 20. Rxd1 {[%emt 0:02:12] Threatens to win with e7.} fxe6 21. Bxc7 {[%emt 0:01:26] Black must now prevent Bd6.} N6d5 22. Nxd5 Nxd5 $11 {[%emt 0:00:04][%mdl 4096] Endgame KRB-KRN} 23. Rc1 $1 Nb4 24. Bg3 Nd5 25. Ke2 Kf7 26. Be5 g5 27. Rc4 Kg6 28. g4 {[%emt 0:01:24] A rather calm draw.   Weighted Error Value: White=0.01 (flawless) /Black=0.02 (flawless)} 1/2-1/2

[Event "4NCL 2022-2023"]
[Site "Daventry"]
[Date "2023.01.14"]
[Round "3.7"]
[White "Radeva, Viktoria"]
[Black "Southcott-Moyers, Indy"]
[Result "1/2-1/2"]
[ECO "C54"]
[WhiteElo "2242"]
[BlackElo "1870"]
[Annotator "TA"]
[PlyCount "83"]
[EventDate "2022.10.20"]
[EventType "team-tourn"]
[EventCountry "ENG"]
[SourceTitle "playchess.com"]
[Source "ChessBase"]
[SourceQuality "1"]
[TimeControl "40/6000+30:2400+30"]

1. e4 e5 2. Nf3 Nc6 3. Bc4 Bc5 4. d3 Nf6 5. O-O d6 6. c3 h6 7. Nbd2 (7. b4 $5 Bb6 $8 8. Nbd2 $11) 7... a6 {[%emt 0:05:02] C54: Giuoco Piano: 4 c3 Nf6, main lines with 5 d4 and 5 d3.} 8. a4 {[%emt 0:00:26] Nowadays more popular than 8.Bb3.} O-O 9. h3 Re8 {[%emt 0:02:58] The position is equal.} 10. Re1 Be6 11. Bxe6 Rxe6 12. b4 Ba7 13. Qc2 Re8 14. Nf1 Ne7 15. Ng3 Ng6 {[%emt 0:03:49] [#]} 16. Nf5 $146 ({Predecessor:} 16. c4 Nd7 17. a5 Ndf8 18. Be3 Ne6 19. c5 d5 20. d4 dxe4 21. Nxe5 Nxd4 22. Bxd4 Qxd4 23. Nxg6 {0-1 Karjakin,S (2785)-Nguyen,N (2629) Wch Rapid Doha 2016 (4)}) 16... c6 17. g3 d5 18. Bd2 Qd7 19. Rad1 Rad8 (19... Ne7 $11 20. Nxe7+ (20. Nxe5 Qe6 $11) 20... Rxe7) 20. Kg2 {[%emt 0:21:29] White is more active.} ({White should play} 20. Bxh6 $1 $16 gxh6 21. Qc1 Bxf2+ 22. Kxf2 dxe4 23. g4) 20... Qe6 $11 21. Qc1 (21. c4 $14) 21... Nh7 (21... dxe4 $5 22. dxe4 Bxf2 23. Kxf2 Nxe4+ {[%mdl 64] Remove Defender, Decoy} 24. Rxe4 Qxf5 $11) 22. c4 f6 23. h4 (23. Qc2 $14) 23... Ne7 $1 $15 24. Nxe7+ Qxe7 (24... Rxe7 {seems wilder.} 25. b5 dxe4 26. dxe4 Bc5) 25. c5 {[%emt 0:00:53] [#]} a5 26. Qc2 (26. bxa5 $11 Bxc5 27. a6) 26... axb4 27. Bxb4 Qf7 28. Rb1 {[%emt 0:04:16] [#]} (28. d4 $11) 28... Nf8 $1 $17 29. Nd2 Ne6 30. Nb3 {[%emt 0:00:26] [#]} dxe4 (30... f5 $1 $17 {Strongly threatening ...fxe4.} 31. exf5 Qxf5) 31. dxe4 $11 Nd4 32. Nxd4 Rxd4 33. Rec1 Red8 34. Bc3 Rd3 (34... Rc4 $5) 35. Ba5 R8d4 36. Bc3 Rd7 37. Rxb7 $1 {[%emt 0:00:42][%mdl 64] Deflection} Bxc5 (37... Rxg3+ $11 {remains equal.} 38. fxg3 Rxb7) 38. Qxd3 Rxb7 39. a5 Rd7 (39... Ba7 $142) 40. Qc2 ({White should try} 40. Qa6 $16) 40... Ba7 $1 $14 41. Be1 c5 42. Kh2 {[%emt 0:00:00] Weighted Error Value: White=0.26 (precise) /Black=0.25 (precise)} 1/2-1/2

[Event "4NCL 2022-2023"]
[Site "Daventry"]
[Date "2023.01.14"]
[Round "3.9"]
[White "Bluebaum, Matthias"]
[Black "Derakhshani, Borna"]
[Result "1-0"]
[ECO "D48"]
[WhiteElo "2661"]
[BlackElo "2400"]
[Annotator "TA"]
[PlyCount "77"]
[EventDate "2022.10.20"]
[EventType "team-tourn"]
[EventCountry "ENG"]
[SourceTitle "playchess.com"]
[Source "ChessBase"]
[SourceQuality "1"]
[TimeControl "40/6000+30:2400+30"]

1. Nf3 d5 2. e3 Nf6 3. c4 c6 4. Nc3 e6 5. d4 Nbd7 6. Bd3 dxc4 7. Bxc4 b5 8. Bd3 Bb7 9. O-O a6 10. e4 c5 11. d5 Qb6 {[%emt 0:02:28] D48: Semi-Slav: Meran System: 7...b5 8 Bd3 a6.} (11... Qc7 $11 {remains equal.}) 12. dxe6 $16 fxe6 13. e5 {[%emt 0:02:31] Prevents Bd6} Nd5 {[%emt 0:04:07] White is better.} 14. Ng5 {[%emt 0:08:58] [#]} g6 $146 {[%emt 0:00:24] [#] Prevents Qh5} (14... Nxe5 $142 15. Re1 O-O-O 16. Rxe5 Nxc3) ({Predecessor:} 14... O-O-O 15. Nxd5 Bxd5 16. Nf7 Be7 17. Qe2 Qb7 18. f3 Nb6 19. Be3 Kb8 20. Rfd1 c4 {1-0 Yilmazyerli,M (2436)-Sayin,A (1921) TUR Cup Antalya 2019 (2)}) 15. Nxh7 {[%emt 0:04:41] White is more active.} O-O-O $1 $11 16. Nxd5 (16. Bxg6 $2 Nxc3 17. bxc3 Nxe5 $19) 16... Bxd5 17. Nxf8 (17. Bxg6 $2 Nxe5 18. Bc2 Qc7 $19) 17... Rdxf8 18. Qe2 (18. Bxg6 $2 Nxe5 19. Bg5 Nxg6 $19) (18. Qe1 $14) 18... Rh5 ({Black should try} 18... Qd8 $1 $11 19. Qe3 (19. Bxg6 $2 Qh4 $19) 19... Qh4) 19. Bxg6 $2 (19. Qe3 $1 $14 {keeps the upper hand.}) 19... Rxe5 $17 20. Qc2 Rg8 $2 (20... c4 $1 $15 {stays ahead.} 21. Bh6 (21. Be3 $2 Rxe3 22. fxe3 Qxe3+ 23. Rf2 Ne5 $19) 21... Rg8) 21. f3 $2 (21. g3 $1 $16) 21... Bc4 (21... c4+ $17 22. Kh1 Qd4) 22. Be4 $11 {[%emt 0:05:39][%cal Oc1f4] And now Bf4! would win.} Bxf1 23. Kxf1 {[%emt 0:00:02] Black must now prevent Bf4.} Rh5 (23... Nf6 $5 24. Bf4 Rxe4 25. fxe4 Rf8 $11) 24. g4 $36 {[%emt 0:05:47][%mdl 2048] White fights for an advantage.} Rh3 (24... Rh4 $1 $14 25. Bf4 Rf8) 25. Bf4 $1 $18 {[%emt 0:02:35] aiming for Rd1. A strong pair of Bishops.} Rf8 {[%emt 0:02:23] [#]} 26. Bg3 Rxg3 27. hxg3 Ne5 28. Qc3 Qd6 29. Kg2 Rd8 30. Rf1 Nc4 31. Rf2 {[%emt 0:01:42] Prevents Qd2} e5 $2 {[%emt 0:04:44] This costs Black the game.} (31... Qd4 $16 {keeps fighting.} 32. Re2 Qxc3 33. bxc3 Kd7) 32. b3 Rh8 {[%emt 0:01:15][%cal Od6d1] ...Qd1! is the strong threat.} 33. Qc1 {[%emt 0:02:11] Against Qd1} ({Less strong is} 33. bxc4 Qd1 34. Bf5+ (34. Qxe5 $2 Qh1#) 34... Kb7 $18) 33... Nb6 (33... Qd1 34. Qxd1 Ne3+ 35. Kg1 Nxd1) 34. Rd2 Qc7 {[%emt 0:04:33] [#] Black is weak on the light squares} 35. a4 $1 Kb8 (35... Rd8 36. Rxd8+) 36. axb5 axb5 37. Qa1 {[%emt 0:00:06] Qa6 would be deadly.} c4 38. bxc4 (38. Qa6 $142 Rh7 39. Bxh7) 38... Nxc4 39. Qa8# {[%emt 0:00:55] A cool game by Bluebaum.   Weighted Error Value: White=0.52/Black=0.69} 1-0

[Event "4NCL 2022-2023"]
[Site "Daventry"]
[Date "2023.01.14"]
[Round "3.10"]
[White "Fernandez, Daniel Howard"]
[Black "Parligras, Mircea-Emilian"]
[Result "0-1"]
[ECO "A11"]
[WhiteElo "2481"]
[BlackElo "2565"]
[Annotator "TA"]
[PlyCount "68"]
[EventDate "2022.10.20"]
[EventType "team-tourn"]
[EventCountry "ENG"]
[SourceTitle "playchess.com"]
[Source "ChessBase"]
[SourceQuality "1"]
[TimeControl "40/6000+30:2400+30"]

1. Nf3 d5 2. g3 Bg4 3. Bg2 e6 4. c4 c6 5. O-O Nf6 6. d3 Be7 {[%emt 0:03:16] 6...dxc4 is the modern continuation.} 7. Qb3 {[%emt 0:02:27] A11: English Opening: 1...c6.} Qc8 8. Nc3 O-O 9. Bf4 {[%emt 0:05:10] [#] The position is equal.} Bxf3 $1 $146 {[%emt 0:08:27][%mdl 8] A relevant novelty.} ({Predecessor:} 9... Nbd7 10. cxd5 cxd5 11. Rfc1 Nc5 12. Qd1 Qd8 13. Rc2 Qb6 14. Rac1 Bh5 15. h3 Nfd7 {1-0 Wang,Y (2711)-Lupulescu,C (2643) Bazna Kings blitz 2014 (1)}) 10. Bxf3 d4 11. Ne4 Nxe4 12. Bxe4 Nd7 13. Bg2 a5 14. Qc2 e5 15. Bd2 Qc7 16. Rad1 Bb4 17. e3 Bxd2 18. Qxd2 Qd6 19. exd4 Qxd4 20. Qc3 Nc5 21. Rfe1 f6 22. Qxd4 exd4 23. Kf1 Rfe8 24. h4 Kf7 {[%emt 0:01:06] Black is more active.} 25. Re2 a4 26. Bf3 Rxe2 27. Kxe2 $17 {[%emt 0:00:10][%mdl 4096] Endgame KRB-KRN} (27. Bh5+ $142 g6 28. Bxe2) 27... a3 $1 28. b4 {[%emt 0:01:28] [#]} (28. b3 $17) 28... Na4 $1 $19 {[%emt 0:00:08] Strongly threatening ...Nc3+.} 29. Kd2 Nc3 {[%emt 0:03:20] ...Ra4 would be deadly.} 30. Ra1 {[%emt 0:00:40] [#]} (30. Kc2 $142 Nxd1 31. Bxd1) 30... Ra4 $1 31. Bd1 Rxb4 {[%emt 0:02:53] Black is clearly winning.} 32. Bb3 c5 33. f4 f5 34. Re1 Rb6 {[%emt 0:01:36][%mdl 64] Decoy.   Weighted Error Value: White=0.24 (precise) /Black=0.02 (flawless)} 0-1

[Event "4NCL 2022-2023"]
[Site "Daventry"]
[Date "2023.01.14"]
[Round "3.11"]
[White "Lupulescu, Constantin"]
[Black "Royal, Shreyas"]
[Result "1/2-1/2"]
[ECO "C45"]
[WhiteElo "2592"]
[BlackElo "2456"]
[Annotator "TA"]
[PlyCount "71"]
[EventDate "2022.10.20"]
[EventType "team-tourn"]
[EventCountry "ENG"]
[SourceTitle "playchess.com"]
[Source "ChessBase"]
[SourceQuality "1"]
[TimeControl "40/6000+30:2400+30"]

1. e4 e5 2. Nf3 Nc6 3. d4 exd4 4. Nxd4 Nf6 5. Nxc6 bxc6 6. Nd2 d5 7. exd5 {[%emt 0:00:24] C45: Scotch Game.} cxd5 8. Bb5+ Bd7 9. Bxd7+ Qxd7 10. O-O Be7 11. b3 O-O 12. Bb2 Rfe8 13. Re1 {[%emt 0:10:10] [#]} Rad8 $146 ({Predecessor:} 13... Ng4 14. Ne4 Bf8 15. Qd2 Qc6 16. Ng3 Bc5 17. Bd4 Bxd4 18. Qxd4 Nf6 19. Nf5 Qxc2 {½-½ Mosadeghpour,M (2469)-Ghaem Maghami,E (2519) IRI-ch Sari 2022 (2)}) 14. Qf3 Ng4 15. h3 Bf6 16. Rxe8+ Rxe8 17. hxg4 Bxb2 18. Rd1 Qe6 19. Nf1 c6 20. Ne3 Qe4 21. c4 (21. Qxe4 {simplifies} Rxe4 22. Kf1 Kf8 23. Ke2) 21... d4 {[%emt 0:07:17] [#] ...Qxf3 is the strong threat. The position is equal.} 22. Nf5 Qxf3 23. gxf3 $11 {[%emt 0:01:45][%mdl 4096] Endgame KRB-KRN} g6 24. Ng3 Kg7 25. Kf1 a5 26. Ne2 c5 27. Nf4 Ba3 28. Nd3 Bb4 29. Ra1 Bc3 30. Rc1 Bb4 31. Ra1 Bc3 32. Rc1 Bb4 33. Rc2 Kf6 34. Re2 Rxe2 35. Kxe2 Kg5 36. Kf1 {[%emt 0:03:05] Weighted Error Value: White=0.02 (flawless) /Black=0.01 (flawless)} (36. a4 $11 {was the only way to keep the balance.}) 1/2-1/2